 Dungeon Crawl Stone Soup version 0.31-a0-1-g4198be8af4 (webtiles) character file.

Game seed: 3160343444552776005

23 Jarnaxa the Trooper (level 2, 0/26 HPs)
             Began as a Draconian Berserker on May 2, 2023.
             Was a Follower of Trog.
             Slain by a ball python (2 damage)
             ... on level 2 of the Dungeon.
             The game lasted 00:01:35 (886 turns).

Jarnaxa the Trooper (Draconian Berserker)            Turns: 886, Time: 00:01:36

Health: 0/26       AC:  4    Str: 19    XL:     2   Next: 72%
Magic:  2/2        EV:  9    Int:  7    God:    Trog [*.....]
Gold:   56         SH:  0    Dex: 10    Spells: 1/1 levels left

rFire   . . .        a - +0 falchion
rCold   . . .        (no shield)
rNeg    . . .        (body armour unavailable)
rPois   .            (helmet restricted)
rElec   .            (no cloak)
rCorr   .            (no gloves)
SInv    .            (no boots)
Will    .....        (no amulet)
Stlth   +            (no ring)
HPRegen 0.24/turn    (no ring)
MPRegen 0.08/turn

%: no passive effects
@: constricted
A: AC +4, unfitting armour, cold-blooded
a: Renounce Religion, Berserk


You were on level 2 of the Dungeon.
You worshipped Trog.
Trog was aware of your devotion.
You visited 1 branch of the dungeon, and saw 4 of its levels.

You collected 56 gold pieces.

Inventory:

Hand Weapons
 a - a +0 falchion (weapon)
Missiles
 d - a throwing net (quivered)
Jewellery
 h - a +6 ring of intelligence
Scrolls
 b - 2 scrolls of fear {unknown}
 c - a scroll of noise {unknown}
 e - 2 scrolls of identify {unknown}
 f - a scroll of amnesia {unknown}
 g - a scroll of immolation {unknown}
 j - a scroll of teleportation {unknown}
Potions
 i - a potion of lignification {unknown}


   Skills:
 + Level 3.5 Fighting
 + Level 3.5 Long Blades
 + Level 2.9 Dodging
 + Level 0.2 Stealth


You had one spell level left.
You didn't know any spells.
Your spell library was empty.

Dungeon Overview and Level Annotations

Branches:
Dungeon (4/15)
 Temple: D:4-7

Altars:


Innate Abilities, Weirdness & Mutations

Your plain brown scales are hard. (AC +4)
You cannot fit into any form of body armour.
You are cold-blooded and may be slowed by cold attacks.


Message History

Trog accepts your kill.
The kobold hits you with a +0 short sword.
You barely miss the kobold.
A bat comes into view.
The kobold closely misses you.
You hit the kobold.
You kill the kobold!
Trog accepts your kill.
You see here a +0 short sword.
You hit the bat.
You kill the bat!
Trog accepts your kill.
You see here a bat corpse.
There is a stone staircase leading up here.
You climb upwards.
Found a scroll labelled LUHOWKOUTO.
There is a stone staircase leading down here.
A worm comes into view.
A ball python comes into view.
You see here a scroll labelled LUHOWKOUTO.
The ball python hisses angrily.
The ball python bites you. The ball python grabs you.
The ball python constricts you. The worm completely misses you.
You completely miss the worm. The ball python bites you.
The ball python constricts you. The worm bites you!
You hit the worm.
Your tail-slap misses the worm.
The worm is moderately wounded.
The ball python bites you. The ball python constricts you.
The ball python bites you but does no damage.
The ball python constricts you.
You hit the worm.
Your tail-slap misses the worm.
The worm is heavily wounded.
The ball python bites you but does no damage.
The ball python constricts you. The worm bites you!
* * * LOW HITPOINT WARNING * * *
You hit the worm but do no damage.
Your tail-slap misses the worm.
You punch the worm.
The worm is heavily wounded.
The ball python bites you.
You die...

. # #. ..#.#
#....###########
#......##.....##
##..............##
#................#
#.....w@..?......#
#.....S.........>#
#................#
#................#
#................#
##..............##
##.....##.....##
##############


You could see a worm and a ball python.

Vanquished Creatures
  2 giant cockroaches
  4 goblins
  2 quokkas (D:1)
  3 ball pythons (D:1)
  2 bats
  A frilled lizard (D:1)
  4 kobolds
  4 rats
22 creatures vanquished.

Notes
Turn   | Place    | Note
-------+----------+-------------------------------------------
     0 | D:1      | Jarnaxa the Draconian Berserker began the quest for the
                  | Orb.
     0 | D:1      | Reached XP level 1. HP: 19/19 MP: 1/1
    44 | D:1      | Found a faded altar of an unknown god.
   185 | D:1      | Reached XP level 2. HP: 26/26 MP: 2/2
   785 | D:2      | You fall into a shaft and drop 2 floors!
   886 | D:2      | Slain by a ball python

Illustrated notes

Levels and vault maps discovered:
D:1:      psy_arrival_fountain, layout_basic, chequers_ecumenical_altar_twisty,
          hangedman_decor_push
D:2:      layout_rooms, serial_shops, shop, kennysheep_nub, minivault_23,
          grunt_decor_junction, chequers_garden, minmay_misc_feat_columns
D:3:      minmay_inner_zag, layout_basic, tgw_sif, serial_bayou_pond_d
D:4:      layout_gridville, cheibrodos_ashenzari_chains

Action                     || total
---------------------------++-------
  Melee: Falchion          ||    63
         Tailslap          ||     6
         Punch             ||     2
   Stab: Sleeping          ||     2
 Armour: Skin              ||    19
  Dodge: Dodged            ||    44

Table legend: (Time is in decaauts)
 A = Elapsed time spent in this place.
 B = Non-inter-level travel time spent in this place.
 C = Inter-level travel time spent in this place.
 D = Time resting spent in this place.
 E = Time spent auto-exploring this place.
 F = Levels seen in this place.
 G = Mean time per level.
                   A        B        C        D        E       F      G
               +--------+--------+--------+--------+--------+-----+--------+
         Total |    893 |    893 |      0 |      0 |    627 |   4 |  223.2 |
       Dungeon |    893 |    893 |      0 |      0 |    627 |   4 |  223.2 |
               +--------+--------+--------+--------+--------+-----+--------+

Top non-repeatable levels by time:
     D:1: 712 daAuts
     D:2: 92 daAuts
     D:4: 70 daAuts
     D:3: 18 daAuts
